3AAA
SUNSET DISTRICT FOG @ HIALEAH DODOS
07/10/2033
 
TOP OF THE 1ST
Sunset District Fog batting - Pitching for Hialeah Dodos : LHP Yoshi Minamoto
Pitching: LHP Yoshi Minamoto
Batting: SHB José Ángel 0-0: Called Strike
0-1: Ball
1-1: Called Strike
1-2: Ball
2-2: Foul Ball, location: 2F
2-2: Foul Ball, location: 2F
2-2: Ball
3-2: Foul Ball, location: 2F
3-2: Base on Balls
Batting: LHB Arnold England 0-0: Swinging Strike
0-1: Swinging Strike
0-2: Strikes out swinging
Batting: RHB Cristián Coronado 0-0: Ball
1-0: Called Strike
1-1: Ball
2-1: Ball
3-1: Fly out, F7 (Flyball, 7LM)
Batting: RHB Xavier Gama 0-0: Ball
1-0: SINGLE (Groundball, 6MD)
José Ángel to second
Runner from 2nd tries for 3rd, OUT!
Top of the 1st over - 0 runs, 1 hit, 0 errors, 1 left on base; Sunset District 0 - Hialeah 0
BOTTOM OF THE 1ST
Hialeah Dodos batting - Pitching for Sunset District Fog : RHP Larry Strozier
Pitching: RHP Larry Strozier
Batting: RHB Jorge Salgado 0-0: Called Strike
0-1: Ball
1-1: Foul Ball, location: 2F
1-2: Strikes out swinging
Batting: LHB Jaime Aguilar 0-0: Fly out, F7 (Flyball, 78D)
Now in LF: Rodrigo Rodríguez
Batting: RHB Aurelio Álvarez 0-0: Ball
1-0: Called Strike
1-1: Ball
2-1: Foul Ball, location: 2F
2-2: SINGLE (Line Drive, 8RS)
Batting: RHB Andrew Crosby 0-0: Ball
1-0: DOUBLE (Line Drive, 78D)
Aurelio Álvarez to third
Batting: SHB Javier Gonzáles 0-0: Called Strike
0-1: Called Strike
0-2: Fly out, F7 (Flyball, 7)
Bottom of the 1st over - 0 runs, 2 hits, 0 errors, 2 left on base; Sunset District 0 - Hialeah 0
TOP OF THE 2ND
Sunset District Fog batting - Pitching for Hialeah Dodos : LHP Yoshi Minamoto
Batting: LHB Ieyoshi Samurakami 0-0: Ball
1-0: Ball
2-0: Foul Ball, location: 2F
2-1: Ball
3-1: Base on Balls
Batting: RHB Javier Carretero 0-0: Ball
1-0: 2-RUN HOME RUN (Flyball, 7D), Distance : 378 ft
Batting: SHB José Rico 0-0: Ball
1-0: Ball
2-0: Swinging Strike
2-1: Ball
3-1: Base on Balls
Batting: LHB Rodrigo Rodríguez 0-0: Fielders Choice at 2nd, 6-4 (Groundball, 6)
Batting: RHB Giuseppe Provolone 0-0: Called Strike
0-1: Foul Ball, location: 2F
0-2: Strikes out swinging
Batting: SHB José Ángel 0-0: Ball
1-0: Ball
2-0: Swinging Strike
2-1: Called Strike
2-2: Strikes out looking
Top of the 2nd over - 2 runs, 1 hit, 0 errors, 1 left on base; Sunset District 2 - Hialeah 0
BOTTOM OF THE 2ND
Hialeah Dodos batting - Pitching for Sunset District Fog : RHP Larry Strozier
Batting: LHB Errol Levick 0-0: Foul Ball, location: 2F
0-1: Ball
1-1: Ball
2-1: Foul Ball, location: 2F
2-2: Foul Ball, location: 2F
2-2: Strikes out swinging
Batting: LHB Curt Wilson 0-0: Foul Ball, location: 2F
0-1: Swinging Strike
0-2: Ball
1-2: Ball
2-2: Ground out 1-3 (Groundball, 13)
Batting: LHB Ramón Castro 0-0: Called Strike
0-1: Ball
1-1: SINGLE (Line Drive, 34)
Batting: RHB Jack Head 0-0: Foul Ball, location: 2F
0-1: Ball
1-1: Fly out, F8 (Flyball, 8LM)
Bottom of the 2nd over - 0 runs, 1 hit, 0 errors, 1 left on base; Sunset District 2 - Hialeah 0
TOP OF THE 3RD
Sunset District Fog batting - Pitching for Hialeah Dodos : LHP Yoshi Minamoto
Batting: LHB Arnold England 0-0: Ball
1-0: Swinging Strike
1-1: Foul Ball, location: 2F
1-2: Strikes out swinging
Batting: RHB Cristián Coronado 0-0: Ball
1-0: Foul Ball, location: 2F
1-1: SINGLE (Line Drive, 34D)
Batting: RHB Xavier Gama 0-0: Called Strike
0-1: Called Strike
0-2: Strikes out looking
Batting: LHB Ieyoshi Samurakami 0-0: Ball
1-0: Called Strike
1-1: Called Strike
1-2: Strikes out looking
Top of the 3rd over - 0 runs, 1 hit, 0 errors, 1 left on base; Sunset District 2 - Hialeah 0
BOTTOM OF THE 3RD
Hialeah Dodos batting - Pitching for Sunset District Fog : RHP Larry Strozier
Batting: RHB Jorge Salgado 0-0: Foul Ball, location: 2F
0-1: Ball
1-1: Ground out 5-3 (Groundball, 56D)
Batting: LHB Jaime Aguilar 0-0: Called Strike
0-1: Ball
1-1: Ground out 6-3 (Groundball, 6MS)
Batting: RHB Aurelio Álvarez 0-0: Called Strike
0-1: Ball
1-1: Ball
2-1: Called Strike
2-2: Foul Ball, location: 2F
2-2: Foul Ball, location: 2F
2-2: Strikes out swinging
Bottom of the 3rd over - 0 runs, 0 hits, 0 errors, 0 left on base; Sunset District 2 - Hialeah 0
TOP OF THE 4TH
Sunset District Fog batting - Pitching for Hialeah Dodos : LHP Yoshi Minamoto
Batting: RHB Javier Carretero 0-0: Ball
1-0: Ball
2-0: SINGLE (Groundball, 4MD)
Batting: SHB José Rico 0-0: Called Strike
0-1: Ball
1-1: Ball
2-1: Ball
3-1: Called Strike
3-2: Base on Balls
Javier Carretero to second
Batting: LHB Rodrigo Rodríguez 0-0: Called Strike
0-1: Foul Ball, location: 2F
0-2: Ball
1-2: Ground out U3 (Groundball, 34S)
Javier Carretero to third
José Rico to second
Batting: RHB Giuseppe Provolone 0-0: Swinging Strike
0-1: Ball
1-1: Swinging Strike
1-2: Strikes out swinging
Batting: SHB José Ángel 0-0: Called Strike
0-1: Foul Ball, location: 2F
0-2: Foul Ball, location: 2F
0-2: Foul Ball, location: 2F
0-2: Ball
1-2: Ball
2-2: Ball
3-2: SINGLE (Line Drive, 6MD)
Javier Carretero scores
José Rico to third
José Rico scores
Batting: LHB Arnold England 0-0: Called Strike
0-1: Ball
1-1: Swinging Strike
1-2: Strikes out swinging
Top of the 4th over - 2 runs, 2 hits, 0 errors, 1 left on base; Sunset District 4 - Hialeah 0
BOTTOM OF THE 4TH
Hialeah Dodos batting - Pitching for Sunset District Fog : RHP Larry Strozier
Batting: RHB Andrew Crosby 0-0: Foul Ball, location: 2F
0-1: Foul Ball, location: 2F
0-2: SINGLE (Line Drive, 8RS)
Batting: SHB Javier Gonzáles 0-0: Fly out, F7 (Line Drive, 7S)
Batting: LHB Errol Levick 0-0: Swinging Strike
0-1: Ball
1-1: Foul Ball, location: 2F
1-2: Ball
2-2: 2-RUN HOME RUN (Flyball, 9LD), Distance : 343 ft
Batting: LHB Curt Wilson 0-0: Ball
1-0: Ground out 4-3 (Groundball, 4)
Batting: LHB Ramón Castro 0-0: Ball
1-0: Called Strike
1-1: SOLO HOME RUN (Flyball, 9LD), Distance : 353 ft
Batting: RHB Jack Head 0-0: Called Strike
0-1: Fly out, F9 (Flyball, 9LS)
Bottom of the 4th over - 3 runs, 3 hits, 0 errors, 0 left on base; Sunset District 4 - Hialeah 3
TOP OF THE 5TH
Sunset District Fog batting - Pitching for Hialeah Dodos : LHP Yoshi Minamoto
Batting: RHB Cristián Coronado 0-0: Ball
1-0: Ground out 5-3 (Groundball, 56)
Batting: RHB Xavier Gama 0-0: Swinging Strike
0-1: Foul Ball, location: 2F
0-2: Strikes out looking
Batting: LHB Ieyoshi Samurakami 0-0: Ball
1-0: Called Strike
1-1: Ball
2-1: DOUBLE (Line Drive, 7LD)
Batting: RHB Javier Carretero 0-0: Called Strike
0-1: Foul Ball, location: 2F
0-2: Ball
1-2: Ball
2-2: Foul Ball, location: 2F
2-2: Ground out 4-3 (Groundball, 4)
Top of the 5th over - 0 runs, 1 hit, 0 errors, 1 left on base; Sunset District 4 - Hialeah 3
BOTTOM OF THE 5TH
Hialeah Dodos batting - Pitching for Sunset District Fog : RHP Larry Strozier
Batting: RHB Jorge Salgado 0-0: Foul Ball, location: 2F
0-1: Swinging Strike
0-2: Strikes out looking
Batting: LHB Jaime Aguilar 0-0: Ball
1-0: Ground out 5-3 (Groundball, 56S)
Batting: RHB Aurelio Álvarez 0-0: Called Strike
0-1: Ball
1-1: Called Strike
1-2: Ball
2-2: Ball
3-2: SINGLE (Flyball, 89S)
Batting: RHB Andrew Crosby 0-0: SINGLE (Line Drive, 4M)
Aurelio Álvarez to second
Runner from 2nd tries for 3rd, OUT!
Bottom of the 5th over - 0 runs, 2 hits, 0 errors, 1 left on base; Sunset District 4 - Hialeah 3
TOP OF THE 6TH
Sunset District Fog batting - Pitching for Hialeah Dodos : LHP Yoshi Minamoto
Batting: SHB José Rico 0-0: Fly out, F8 (Flyball, 8RM)
Batting: LHB Rodrigo Rodríguez 0-0: SINGLE (Flyball, 56D)
Batting: RHB Giuseppe Provolone 0-0: Ball
1-0: Ball
2-0: Ball
3-0: Called Strike
3-1: Base on Balls
Rodrigo Rodríguez to second
Batting: SHB José Ángel 0-0: Called Strike
0-1: Grounds into double play, 4-6-3 (Groundball, 34)
Top of the 6th over - 0 runs, 1 hit, 0 errors, 1 left on base; Sunset District 4 - Hialeah 3
BOTTOM OF THE 6TH
Hialeah Dodos batting - Pitching for Sunset District Fog : RHP Larry Strozier
Batting: SHB Javier Gonzáles 0-0: Fly out, F7 (Flyball, 78D)
Batting: LHB Errol Levick 0-0: Ball
1-0: Foul Ball, location: 2F
1-1: Ball
2-1: Foul Ball, location: 2F
2-2: Foul Ball, location: 2F
2-2: Foul Ball, location: 2F
2-2: DOUBLE (Flyball, 8RXD)
Batting: LHB Curt Wilson 0-0: Foul Ball, location: 2F
0-1: Foul Ball, location: 2F
0-2: Ball
1-2: Foul Ball, location: 2F
1-2: Ball
2-2: Ground out 6-3 (Groundball, 6)
Batting: LHB Ramón Castro 0-0: Ground out 4-3 (Groundball, 4)
Bottom of the 6th over - 0 runs, 1 hit, 0 errors, 1 left on base; Sunset District 4 - Hialeah 3
TOP OF THE 7TH
Sunset District Fog batting - Pitching for Hialeah Dodos : LHP Yoshi Minamoto
Batting: LHB Arnold England 0-0: Called Strike
0-1: Ball
1-1: Ball
2-1: Called Strike
2-2: Foul Ball, location: 2F
2-2: Strikes out swinging
Batting: RHB Cristián Coronado 0-0: Ball
1-0: Ball
2-0: Hit by Pitch
Pitching: LHP John Wallbank
Batting: RHB Xavier Gama 0-0: Ball
Cristián Coronado steals 2nd base
1-0: Swinging Strike
1-1: Foul Ball, location: 2F
1-2: Foul Ball, location: 2F
1-2: Ground out 6-3 (Groundball, 6)
Cristián Coronado to third
Batting: LHB Ieyoshi Samurakami 0-0: Foul Ball, location: 2F
0-1: Foul Ball, location: 2F
0-2: SINGLE (Flyball, 78S)
Cristián Coronado scores
Batting: RHB Javier Carretero 0-0: Called Strike
0-1: Called Strike
0-2: DOUBLE (Flyball, 78XD)
Ieyoshi Samurakami to third
Runner from 3rd tries for Home, SAFE, no throw
Batting: SHB José Rico 0-0: Ball
1-0: Ball
2-0: Called Strike
2-1: Swinging Strike
2-2: Ground out 6-3 (Groundball, 6S)
Top of the 7th over - 2 runs, 2 hits, 0 errors, 1 left on base; Sunset District 6 - Hialeah 3
BOTTOM OF THE 7TH
Hialeah Dodos batting - Pitching for Sunset District Fog : RHP Larry Strozier
Batting: RHB Jack Head 0-0: Foul Ball, location: 2F
0-1: Foul Ball, location: 2F
0-2: Ball
1-2: Foul Ball, location: 2F
1-2: Strikes out swinging
Pitching: RHP Oriol Razo
Batting: RHB Jorge Salgado 0-0: Called Strike
0-1: SINGLE (Line Drive, 89M)
Batting: LHB Jaime Aguilar 0-0: Ball
1-0: Ball
2-0: Foul Ball, location: 2F
2-1: 2-RUN HOME RUN (Flyball, 9LD), Distance : 364 ft
Pitching: RHP Michael Brown
Batting: RHB Aurelio Álvarez 0-0: Ball
1-0: Foul Ball, location: 2F
1-1: Ground out 5-3 (Groundball, 5S)
Batting: RHB Andrew Crosby 0-0: Ball
1-0: DOUBLE (Flyball, 89D)
Batting: SHB Javier Gonzáles 0-0: Ball
1-0: Ball
2-0: Ball
3-0: Base on Balls
Batting: LHB Errol Levick 0-0: Ball
1-0: Ball
2-0: Ball
3-0: Base on Balls
Andrew Crosby to third
Javier Gonzáles to second
Batting: LHB Curt Wilson 0-0: Ball
1-0: Foul Ball, location: 2F
1-1: Ball
2-1: Foul Ball, location: 2F
2-2: Ball
3-2: Fly out, F9 (Flyball, 89S)
Bottom of the 7th over - 2 runs, 3 hits, 0 errors, 3 left on base; Sunset District 6 - Hialeah 5
TOP OF THE 8TH
Sunset District Fog batting - Pitching for Hialeah Dodos : LHP John Wallbank
Batting: LHB Rodrigo Rodríguez 0-0: Ball
1-0: Foul Ball, location: 2F
1-1: Ball
2-1: Foul Ball, location: 2F
2-2: Ball
3-2: Fly out, F9 (Flyball, 9D)
Batting: RHB Giuseppe Provolone 0-0: SINGLE (Flyball, 78M)
Batting: SHB José Ángel 0-0: Ball
1-0: Ball
2-0: Fly out, F9 (Flyball, 9S)
Batting: LHB Arnold England 0-0: Foul Ball, location: 2F
0-1: Ball
1-1: Ball
Giuseppe Provolone is caught stealing 2nd base
Top of the 8th over - 0 runs, 1 hit, 0 errors, 0 left on base; Sunset District 6 - Hialeah 5
BOTTOM OF THE 8TH
Hialeah Dodos batting - Pitching for Sunset District Fog : RHP Michael Brown
Pitching: RHP António Marés
Now at 2B: Jesús Trevino
Batting: LHB Ramón Castro 0-0: Foul Ball, location: 2F
0-1: Ground out U3 (Groundball, 3S)
Batting: RHB Jack Head 0-0: Swinging Strike
0-1: Swinging Strike
0-2: Ball
1-2: Strikes out swinging
Batting: RHB Jorge Salgado 0-0: Called Strike
0-1: Ball
1-1: Called Strike
1-2: Foul Ball, location: 2F
1-2: Foul Ball, location: 2F
1-2: Foul Ball, location: 2F
1-2: Foul Ball, location: 2F
1-2: Ball
2-2: Foul Ball, location: 2F
2-2: Foul Ball, location: 2F
2-2: Ball
3-2: Foul Ball, location: 2F
3-2: Fly out, F9 (Flyball, 9LS)
Bottom of the 8th over - 0 runs, 0 hits, 0 errors, 0 left on base; Sunset District 6 - Hialeah 5
TOP OF THE 9TH
Sunset District Fog batting - Pitching for Hialeah Dodos : LHP John Wallbank
Batting: LHB Arnold England 0-0: Called Strike
0-1: Called Strike
0-2: Fly out, F9 (Flyball, 9)
Batting: RHB Cristián Coronado 0-0: Ball
1-0: Ground out U3 (Groundball, 34)
Batting: RHB Xavier Gama 0-0: Ball
1-0: Ball
2-0: Ball
3-0: Called Strike
3-1: Called Strike
3-2: Foul Ball, location: 2F
3-2: Strikes out looking
Top of the 9th over - 0 runs, 0 hits, 0 errors, 0 left on base; Sunset District 6 - Hialeah 5
BOTTOM OF THE 9TH
Hialeah Dodos batting - Pitching for Sunset District Fog : RHP António Marés
Batting: LHB Jaime Aguilar 0-0: Called Strike
0-1: Ball
1-1: Foul Ball, location: 2F
1-2: Ball
2-2: SINGLE (Flyball, 7)
Batting: RHB Aurelio Álvarez 0-0: Swinging Strike
0-1: Ball
1-1: Called Strike
1-2: Strikes out swinging
Batting: RHB Andrew Crosby 0-0: Called Strike
0-1: Ball
1-1: Ball
2-1: Swinging Strike
2-2: Ball
3-2: Strikes out swinging
Batting: SHB Javier Gonzáles 0-0: Swinging Strike
0-1: Ball
1-1: Ball
2-1: Fly out, F6 (Popup, 6M)
Bottom of the 9th over - 0 runs, 1 hit, 0 errors, 1 left on base; Sunset District 6 - Hialeah 5
Saturday, December 22nd, 2018 - OOTP Baseball 18.8 Build 76